 Dungeon Crawl Stone Soup version 0.32-a0-928-g1cae6b7ea0 (webtiles) character file.

Game seed: 17201593557359753472

158 Ahpoh the Covered (level 4, -1/38 HPs)
             Began as a Demigod Fighter on Apr 12, 2024.
             Slain by a black bear (2 damage)
             ... on level 4 of the Dungeon.
             The game lasted 00:05:02 (2906 turns).

Ahpoh the Covered (Demigod Fighter)                 Turns: 2906, Time: 00:05:03

Health: -1/38      AC:  9    Str: 17    XL:     4   Next: 94%
Magic:  6/6        EV:  6    Int: 10    God:
Gold:   101        SH:  5    Dex: 17    Spells: 3/3 levels left

rFire   . . .        a - +0 long sword
rCold   . . .        c - +0 buckler
rNeg    . . .        g - +0 chain mail
rPois   .            (no helmet)
rElec   .            (no cloak)
rCorr   .            (no gloves)
SInv    .            (no boots)
Will    .....        (no amulet) Stlth
                     (no ring)
HPRegen 0.26/turn    (no ring)
MPRegen 0.10/turn

%: no passive effects
@: no status effects
A: high MP 1, forlorn, divine attributes
a: no special abilities


You were on level 4 of the Dungeon.
You visited 1 branch of the dungeon, and saw 4 of its levels.

You collected 101 gold pieces.

Inventory:

Hand Weapons
 a - a +0 long sword (weapon)
Armour
 c - a +0 buckler (worn)
 g - a +0 chain mail (worn)
Magical Staves
 e - a staff of cold
Scrolls
 i - a scroll of amnesia {unknown}
 j - a scroll of vulnerability {unknown}
 k - a scroll of enchant armour {unknown}
 l - 2 scrolls of teleportation {unknown}
 o - a scroll of revelation {unknown}
Potions
 b - a potion of berserk rage {unknown}
 d - 2 potions of might
 f - a potion of enlightenment {unknown}
 h - a potion of heal wounds
 m - a potion of curing {unknown}
 n - a potion of mutation {unknown}


   Skills:
 * Level 3.2 Fighting
 * Level 3.0 Long Blades
 * Level 3.9 Armour
 + Level 0.2 Dodging
 + Level 0.1 Stealth
 * Level 3.1 Shields


You had 3 spell levels left.
You didn't know any spells.
Your spell library contained the following spells:

 Spells                   Type           Power      Damage    Failure   Level
 Apportation              Tloc           0%         N/A       99%         1
 Necrotise                Necr           0%         1d4       99%         1
 Sting                    Conj/Alch      0%         1d3       99%         1
 Summon Small Mammal      Summ           0%         N/A       99%         1
 Cigotuvi's Dreadful Rot  Necr/Alch/Air  0%         N/A       100%        2
 Ignite Poison            Fire/Alch      0%         N/A       100%        4
 Freezing Cloud           Conj/Ice/Air   0%         6-21      100%        5


Dungeon Overview and Level Annotations

Branches:
Dungeon (4/15)
 Temple: D:4-7


Innate Abilities, Weirdness & Mutations

You have an increased reservoir of magic. (+10% MP)
You shall have no god before yourself.
Your divine heritage dramatically boosts your attributes as you level up.


Message History

The black bear claws you but does no damage.
You block the black bear's attack.
You hit the black bear.
The black bear is almost dead.
The black bear barely misses you. You block the black bear's attack.
The black bear claws you but does no damage.
The black bear bites you.
The black bear claws you but does no damage. x2
You closely miss the black bear.
The black bear is almost dead.
The black bear bites you.
The black bear claws you but does no damage.
The black bear barely misses you.
You closely miss the black bear.
The black bear is almost dead.
The black bear bites you. The black bear barely misses you.
The black bear claws you but does no damage.
The black bear bites you but does no damage.
The black bear barely misses you. The black bear completely misses you.
You hit the black bear.
The black bear is almost dead.
The black bear bites you!
* * * LOW HITPOINT WARNING * * *
The black bear claws you but does no damage. x2
The black bear bites you.
* * * LOW HITPOINT WARNING * * *
The black bear claws you but does no damage.
You block the black bear's attack.
You feel much better. The black bear bites you. The black bear claws you.
The black bear barely misses you. You block the black bear's attack.
The black bear claws you. x2
You barely miss the black bear.
The black bear is almost dead.
The black bear bites you!
* * * LOW HITPOINT WARNING * * *
The black bear claws you but does no damage. x2
The black bear bites you!
* * * LOW HITPOINT WARNING * * *
The black bear barely misses you. The black bear claws you.
You die...

##. .. #%.## . ..
#..## .. . ..
##..# ##.
#..###.. ..
##...#.# ....
#......# .
.....##.##.## ...
#.......#..#.....
##..##...@..../..
#. #...h.####.?
####..# #.## ...
#... #.... .....


You could see a black bear (berserk).

Vanquished Creatures
  A jelly (D:3)
  6 adders
  2 ribbon worms (D:3)
  5 orcs (D:2)
  An endoplasm (D:2)
  6 goblins
  6 hobgoblins
  7 jackals
  7 kobolds
  2 quokkas
  4 ball pythons
  5 bats
  6 frilled lizards
  7 rats
65 creatures vanquished.

Notes
Turn   | Place    | Note
-------+----------+-------------------------------------------
     0 | D:1      | Ahpoh the Demigod Fighter began the quest for the Orb.
     0 | D:1      | Reached XP level 1. HP: 18/18 MP: 3/3
   746 | D:1      | Reached XP level 2. HP: 19/25 MP: 4/4
  1213 | D:2      | Reached XP level 3. HP: 25/31 MP: 5/5
  2066 | D:3      | Reached XP level 4. HP: 6/38 MP: 6/6
  2595 | D:3      | Identified the +8 ring mail "Deuddiut" {Rampage rC++ SInv}
  2892 | D:4      | Noticed a black bear
  2906 | D:4      | HP: 1/38 [black bear (8)]
  2906 | D:4      | Slain by a black bear

Illustrated notes

Levels and vault maps discovered:
D:1:      dpeg_arrival_long_road, layout_loops_corners, lexackson_kobold_supper
D:2:      layout_basic, grunt_ministairs_2, minmay_fountain_box
D:3:      layout_loops_ring, basic_ecumenical_altar
D:4:      layout_cave_pools, portal_sewer_entry_e

Skill      XL: |  1  2  3  4 |
---------------+-------------+-----
Long Blades    | 2 3 |  3.0
Fighting       | 3 |  3.2
Armour         | 3 |  3.9
Shields        | 3 |  3.1
Dodging        | |  0.2
Stealth        | |  0.1

Action                     |  1- 3 |  4- 6 || total
---------------------------+-------+-------++-------
  Melee: Long sword        |   184 |    84 ||   268
    Use: Scroll            |     1 |       ||     1
         Potion            |       |     2 ||     2
 Armour: Chain mail        |   162 |   115 ||   277
         Scale mail        |     4 |       ||     4
  Dodge: Dodged            |    57 |    39 ||    96
  Block: Buckler           |    39 |    29 ||    68

Table legend: (Time is in decaauts)
 A = Elapsed time spent in this place.
 B = Non-inter-level travel time spent in this place.
 C = Inter-level travel time spent in this place.
 D = Time resting spent in this place.
 E = Time spent auto-exploring this place.
 F = Levels seen in this place.
 G = Mean time per level.
                   A        B        C        D        E       F      G
               +--------+--------+--------+--------+--------+-----+--------+
         Total |   3007 |   2962 |     45 |    224 |   1885 |   4 |  751.8 |
       Dungeon |   3007 |   2962 |     45 |    224 |   1885 |   4 |  751.8 |
               +--------+--------+--------+--------+--------+-----+--------+

Top non-repeatable levels by time:
     D:1: 1065 daAuts
     D:2: 1062 daAuts
     D:3: 835 daAuts
     D:4: 44 daAuts
